TOP OF THE 1ST |
Seattle Pikes batting - Pitching for Pocatello Boccabellas : RHP Bud Baldwin
|
Pitching: RHP Bud Baldwin
|
|
Batting: LHB Roberto Lozano
|
0-0: Ball 1-0: Called Strike 1-1: Called Strike 1-2: Ball 2-2: Foul Ball, location: 2F 2-2: Ball 3-2: Strikes out swinging
|
Batting: RHB Manuel Rico
|
0-0: Ball 1-0: Foul Ball, location: 2F 1-1: Ground out 4-3 (Groundball, 4)
|
Batting: RHB Wallace Greene
|
0-0: Foul Ball, location: 2F 0-1: Ball 1-1: Ball 2-1: Called Strike 2-2: Foul Ball, location: 2F 2-2: Strikes out swinging
|
Top of the 1st over - 0 run(s), 0 hit(s), 0 error(s), 0 left on base; Seattle 0 - Pocatello 0 |
BOTTOM OF THE 1ST |
Pocatello Boccabellas batting - Pitching for Seattle Pikes : LHP David Hill
|
Pitching: LHP David Hill
|
|
Batting: RHB Sergio Solíz
|
0-0: Swinging Strike 0-1: Ball 1-1: Ground out 6-3 (Groundball, 6)
|
Batting: RHB José Delgado
|
0-0: Fly out, F8 (Flyball, 8LS)
|
Batting: RHB Marlon Phipps
|
0-0: Ball 1-0: Foul Ball, location: 2F 1-1: Called Strike 1-2: Foul Ball, location: 2F 1-2: Ground out 6-3 (Groundball, 6D)
|
Bottom of the 1st over - 0 run(s), 0 hit(s), 0 error(s), 0 left on base; Seattle 0 - Pocatello 0 |
TOP OF THE 2ND |
Seattle Pikes batting - Pitching for Pocatello Boccabellas : RHP Bud Baldwin
|
Batting: LHB David Monahan
|
0-0: Ball 1-0: Ball 2-0: Ball 3-0: Base on Balls
|
Batting: RHB Arnold Harmon
|
0-0: Foul Ball, location: 2F 0-1: Swinging Strike 0-2: Foul Ball, location: 2F 0-2: Ball 1-2: Strikes out swinging
|
Batting: RHB Pete Rideout
|
0-0: Called Strike 0-1: Foul Ball, location: 2F 0-2: Foul Ball, location: 2F 0-2: Ball 1-2: Strikes out swinging
|
Batting: RHB Will Brown
|
0-0: Ball 1-0: SINGLE (Flyball, 78S) David Monahan to second
|
Batting: RHB Dennis Stephenson
|
0-0: Swinging Strike 0-1: Ball 1-1: Called Strike 1-2: Ball 2-2: Foul Ball, location: 2F 2-2: Foul Ball, location: 2F 2-2: Ball 3-2: DOUBLE (Line Drive, 7D) David Monahan scores Will Brown to third Will Brown scores
|
Batting: SHB Richard Bowman
|
0-0: Ball 1-0: Ball 2-0: Called Strike 2-1: SINGLE (Groundball, 34D) Dennis Stephenson to third Runner from 3rd tries for Home, SAFE, no throw
|
Batting: LHB Roberto Lozano
|
0-0: Ball 1-0: Ball 2-0: SINGLE (Line Drive, 78M) Richard Bowman to second
|
Batting: RHB Manuel Rico
|
0-0: SINGLE (Flyball, 3D) Richard Bowman to third Roberto Lozano to second Runner from 3rd tries for Home, SAFE, throw made home Roberto Lozano to third Manuel Rico to second
|
Batting: RHB Wallace Greene
|
0-0: SINGLE (Groundball, 56D) Roberto Lozano scores Manuel Rico to third Runner from 3rd tries for Home, throw and OUT!
|
Top of the 2nd over - 5 run(s), 6 hit(s), 0 error(s), 1 left on base; Seattle 5 - Pocatello 0 |
BOTTOM OF THE 2ND |
Pocatello Boccabellas batting - Pitching for Seattle Pikes : LHP David Hill
|
Batting: RHB Ernesto Acosta
|
0-0: Called Strike 0-1: Foul Ball, location: 2F 0-2: Ball 1-2: Strikes out swinging
|
Batting: RHB Francisco Sandoval
|
0-0: Ball 1-0: Called Strike 1-1: Ball 2-1: DOUBLE (Flyball, 89XD)
|
Batting: SHB Nick Cox
|
0-0: Called Strike 0-1: Ball 1-1: Ball 2-1: Called Strike 2-2: Strikes out swinging
|
Batting: LHB Jim Jensen
|
0-0: Ball 1-0: Foul Ball, location: 2F 1-1: Ball 2-1: Ball 3-1: Base on Balls
|
Batting: SHB Glenn Vadnais
|
0-0: Ball 1-0: Foul Ball, location: 2F 1-1: 3-RUN HOME RUN (Flyball, 89XD), Distance : 458 ft
|
Batting: LHB Héctor Rentería
|
0-0: Foul Ball, location: 2F 0-1: Foul Ball, location: 2F 0-2: Ball 1-2: Ball 2-2: Foul Ball, location: 2F 2-2: Foul Ball, location: 2F 2-2: Foul Ball, location: 2F 2-2: Ball 3-2: Ground out U3 (Groundball, 3)
|
Bottom of the 2nd over - 3 run(s), 2 hit(s), 0 error(s), 0 left on base; Seattle 5 - Pocatello 3 |
TOP OF THE 3RD |
Seattle Pikes batting - Pitching for Pocatello Boccabellas : RHP Bud Baldwin
|
Batting: LHB David Monahan
|
0-0: Ball 1-0: Ball 2-0: Foul Ball, location: 2F 2-1: Ball 3-1: Called Strike 3-2: SINGLE (Flyball, 6MD)
|
Batting: RHB Arnold Harmon
|
0-0: Fly out, F4 (Popup, 34)
|
Batting: RHB Pete Rideout
|
0-0: Ball 1-0: Called Strike 1-1: Ball 2-1: Ball 3-1: Called Strike 3-2: Foul Ball, location: 2F 3-2: Base on Balls David Monahan to second
|
Batting: RHB Will Brown
|
0-0: Ball 1-0: Swinging Strike 1-1: Fielders Choice at 2nd, 5-4 (Groundball, 56) David Monahan to third
|
Batting: RHB Dennis Stephenson
|
0-0: Ball 1-0: Called Strike 1-1: Called Strike 1-2: Strikes out swinging
|
Top of the 3rd over - 0 run(s), 1 hit(s), 0 error(s), 2 left on base; Seattle 5 - Pocatello 3 |
BOTTOM OF THE 3RD |
Pocatello Boccabellas batting - Pitching for Seattle Pikes : LHP David Hill
|
Batting: RHB Sergio Solíz
|
0-0: Called Strike 0-1: Ball 1-1: Ball 2-1: Called Strike 2-2: Foul Ball, location: 2F 2-2: Fly out, F9 (Flyball, 89S)
|
Batting: RHB José Delgado
|
0-0: Ball 1-0: Foul Ball, location: 2F 1-1: Ball 2-1: Ball 3-1: Base on Balls
|
Batting: RHB Marlon Phipps
|
0-0: Called Strike 0-1: Called Strike 0-2: Foul Ball, location: 2F 0-2: Foul Ball, location: 2F 0-2: Ball 1-2: Ground out 6-3 (Groundball, 4MS) José Delgado to second
|
Batting: RHB Ernesto Acosta
|
0-0: Ball 1-0: Ground out 6-3 (Groundball, 6)
|
Bottom of the 3rd over - 0 run(s), 0 hit(s), 0 error(s), 1 left on base; Seattle 5 - Pocatello 3 |
TOP OF THE 4TH |
Seattle Pikes batting - Pitching for Pocatello Boccabellas : RHP Bud Baldwin
|
Batting: SHB Richard Bowman
|
0-0: Called Strike 0-1: Ball 1-1: Fly out, F8 (Flyball, 8LD)
|
Batting: LHB Roberto Lozano
|
0-0: Ball 1-0: Called Strike 1-1: Foul Ball, location: 2F 1-2: Foul Ball, location: 2F 1-2: Foul Ball, location: 2F 1-2: SINGLE (Line Drive, 6)
|
Batting: RHB Manuel Rico
|
0-0: Ball Roberto Lozano steals 2nd base 1-0: Swinging Strike 1-1: Ball 2-1: Ball 3-1: Ground out 6-3 (Groundball, 6M) Roberto Lozano to third
|
Batting: RHB Wallace Greene
|
0-0: Ball 1-0: Ball 2-0: Ball 3-0: Base on Balls
|
Batting: LHB David Monahan
|
0-0: Ball 1-0: Swinging Strike 1-1: Ball 2-1: Called Strike 2-2: Ball 3-2: Base on Balls Wallace Greene to second
|
Batting: RHB Arnold Harmon
|
0-0: Called Strike 0-1: Called Strike 0-2: Ball 1-2: Fly out, F4 (Popup, 34)
|
Top of the 4th over - 0 run(s), 1 hit(s), 0 error(s), 3 left on base; Seattle 5 - Pocatello 3 |
BOTTOM OF THE 4TH |
Pocatello Boccabellas batting - Pitching for Seattle Pikes : LHP David Hill
|
Batting: RHB Francisco Sandoval
|
0-0: Ball 1-0: Ground out 4-3 (Groundball, 4)
|
Batting: SHB Nick Cox
|
0-0: Called Strike 0-1: Ball 1-1: Ball 2-1: Swinging Strike 2-2: Ground out 5-3 (Groundball, 56S)
|
Batting: LHB Jim Jensen
|
0-0: Called Strike 0-1: Swinging Strike 0-2: Ground out U3 (Groundball, 3L)
|
Bottom of the 4th over - 0 run(s), 0 hit(s), 0 error(s), 0 left on base; Seattle 5 - Pocatello 3 |
TOP OF THE 5TH |
Seattle Pikes batting - Pitching for Pocatello Boccabellas : RHP Bud Baldwin
|
Pitching: RHP Esteban Corona
|
|
Batting: RHB Pete Rideout
|
0-0: Called Strike 0-1: Ball 1-1: Ball 2-1: Fly out, F5 (Line Drive, 5)
|
Batting: RHB Will Brown
|
0-0: Foul Ball, location: 2F 0-1: Foul Ball, location: 2F 0-2: Ball 1-2: Fly out, F9 (Flyball, 89M)
|
Batting: RHB Dennis Stephenson
|
0-0: Ball 1-0: Swinging Strike 1-1: Ball 2-1: Ball 3-1: Base on Balls
|
Batting: SHB Richard Bowman
|
0-0: Called Strike 0-1: Foul Ball, location: 2F 0-2: Foul Ball, location: 2F 0-2: Ball 1-2: Foul Ball, location: 2F 1-2: Ball 2-2: Single, Error in OF, E8, batter to second base Dennis Stephenson to third
|
Batting: LHB Roberto Lozano
|
0-0: Called Strike 0-1: Ball 1-1: Fly out, F6 (Line Drive, 6MD)
|
Top of the 5th over - 0 run(s), 1 hit(s), 1 error(s), 2 left on base; Seattle 5 - Pocatello 3 |
BOTTOM OF THE 5TH |
Pocatello Boccabellas batting - Pitching for Seattle Pikes : LHP David Hill
|
Batting: SHB Glenn Vadnais
|
0-0: Ball 1-0: Foul Ball, location: 2F 1-1: Swinging Strike 1-2: Strikes out looking
|
Batting: LHB Héctor Rentería
|
0-0: Fly out, F7 (Flyball, 7S)
|
Batting: RHB Sergio Solíz
|
0-0: Ball 1-0: Swinging Strike 1-1: Foul Ball, location: 2F 1-2: Strikes out swinging, 2-3 out at first.
|
Bottom of the 5th over - 0 run(s), 0 hit(s), 0 error(s), 0 left on base; Seattle 5 - Pocatello 3 |
TOP OF THE 6TH |
Seattle Pikes batting - Pitching for Pocatello Boccabellas : RHP Esteban Corona
|
Batting: RHB Manuel Rico
|
0-0: Foul Ball, location: 2F 0-1: Hit by Pitch
|
Batting: RHB Wallace Greene
|
0-0: Ball 1-0: Ball 2-0: Ball 3-0: Called Strike 3-1: Base on Balls Manuel Rico to second
|
Batting: LHB David Monahan
|
0-0: Ball 1-0: Called Strike 1-1: Ball 2-1: Called Strike 2-2: Ground out 5-3 (Groundball, 25) Manuel Rico to third Wallace Greene to second
|
Batting: RHB Arnold Harmon
|
0-0: Swinging Strike 0-1: Ground out 5-3 (Groundball, 25)
|
Batting: RHB Pete Rideout
|
0-0: Ball 1-0: Ball Passed Ball! Manuel Rico scores Wallace Greene to third 2-0: SINGLE (Flyball, 78S) Wallace Greene scores
|
Pitching: RHP Ben Cobb
|
|
Batting: RHB Will Brown
|
0-0: Called Strike 0-1: Ball 1-1: Ball 2-1: Ball 3-1: SINGLE (Groundball, 5S) (infield hit) Pete Rideout to second
|
Batting: RHB Dennis Stephenson
|
0-0: Called Strike 0-1: Swinging Strike 0-2: Strikes out looking
|
Top of the 6th over - 2 run(s), 2 hit(s), 0 error(s), 2 left on base; Seattle 7 - Pocatello 3 |
BOTTOM OF THE 6TH |
Pocatello Boccabellas batting - Pitching for Seattle Pikes : LHP David Hill
|
Batting: RHB José Delgado
|
0-0: Foul Ball, location: 2F 0-1: Ball 1-1: Ball 2-1: Fly out, F1 (Line Drive, 15)
|
Batting: RHB Marlon Phipps
|
0-0: Ball 1-0: Ball 2-0: Called Strike 2-1: Foul Ball, location: 2F 2-2: Strikes out swinging
|
Batting: RHB Ernesto Acosta
|
0-0: Ball 1-0: Fly out, F8 (Flyball, 8LS)
|
Bottom of the 6th over - 0 run(s), 0 hit(s), 0 error(s), 0 left on base; Seattle 7 - Pocatello 3 |
TOP OF THE 7TH |
Seattle Pikes batting - Pitching for Pocatello Boccabellas : RHP Ben Cobb
|
Batting: SHB Richard Bowman
|
0-0: Ball 1-0: Called Strike 1-1: SINGLE (Popup, 6D)
|
Batting: LHB Roberto Lozano
|
0-0: Sac Bunt - play at first, batter OUT! 1-3 Richard Bowman to second
|
Batting: RHB Manuel Rico
|
0-0: Ball 1-0: Fly out, F8 (Flyball, 8LD) Runner from 2nd tags up, SAFE at 3rd, no throw
|
Batting: RHB Wallace Greene
|
0-0: Called Strike 0-1: Ball 1-1: Ball 2-1: Called Strike 2-2: Strikes out swinging
|
Top of the 7th over - 0 run(s), 1 hit(s), 0 error(s), 1 left on base; Seattle 7 - Pocatello 3 |
BOTTOM OF THE 7TH |
Pocatello Boccabellas batting - Pitching for Seattle Pikes : LHP David Hill
|
Batting: RHB Francisco Sandoval
|
0-0: Called Strike 0-1: Foul Ball, location: 2F 0-2: Ball 1-2: Foul Ball, location: 2F 1-2: Strikes out swinging
|
Batting: SHB Nick Cox
|
0-0: Ball 1-0: Foul Ball, location: 2F 1-1: Called Strike 1-2: Fly out, F9 (Flyball, 9LM)
|
Batting: LHB Jim Jensen
|
0-0: Ball 1-0: DOUBLE (Flyball, 7LM)
|
Batting: SHB Glenn Vadnais
|
0-0: Ball 1-0: Foul Ball, location: 2F 1-1: Ball 2-1: Fly out, F9 (Flyball, 9LS)
|
Bottom of the 7th over - 0 run(s), 1 hit(s), 0 error(s), 1 left on base; Seattle 7 - Pocatello 3 |
TOP OF THE 8TH |
Seattle Pikes batting - Pitching for Pocatello Boccabellas : RHP Ben Cobb
|
Batting: LHB David Monahan
|
0-0: Foul Ball, location: 2F 0-1: Swinging Strike 0-2: Ball 1-2: Foul Ball, location: 2F 1-2: Ball 2-2: Ball 3-2: Foul Ball, location: 2F 3-2: SINGLE (Line Drive, 34D)
|
Batting: RHB Arnold Harmon
|
0-0: Ball 1-0: Fly out, F8 (Flyball, 8LD)
|
Batting: RHB Pete Rideout
|
0-0: Ball 1-0: Swinging Strike 1-1: Fielders Choice at 2nd, 5-4 (Groundball, 56)
|
Batting: RHB Will Brown
|
0-0: Ball 1-0: Ball 2-0: 2-RUN HOME RUN (Flyball, 8LXD), Distance : 459 ft
|
Batting: RHB Dennis Stephenson
|
0-0: Called Strike 0-1: Called Strike 0-2: Ball 1-2: Foul Ball, location: 2F 1-2: Ball 2-2: Ball 3-2: Foul Ball, location: 2F 3-2: Foul Ball, location: 2F 3-2: Fly out, F8 (Flyball, 89D)
|
Top of the 8th over - 2 run(s), 2 hit(s), 0 error(s), 0 left on base; Seattle 9 - Pocatello 3 |
BOTTOM OF THE 8TH |
Pocatello Boccabellas batting - Pitching for Seattle Pikes : LHP David Hill
|
Pitching: RHP Orlando Ojeda
|
|
Now in LF: Gary Kern
|
|
Batting: LHB Héctor Rentería
|
0-0: Called Strike 0-1: Ball 1-1: Called Strike 1-2: Strikes out looking
|
Batting: RHB Sergio Solíz
|
0-0: Ball 1-0: Ball 2-0: Fly out, F9 (Line Drive, 9)
|
Batting: RHB José Delgado
|
0-0: Ball 1-0: Ball 2-0: Swinging Strike 2-1: Foul Ball, location: 2F 2-2: Strikes out swinging
|
Bottom of the 8th over - 0 run(s), 0 hit(s), 0 error(s), 0 left on base; Seattle 9 - Pocatello 3 |
TOP OF THE 9TH |
Seattle Pikes batting - Pitching for Pocatello Boccabellas : RHP Ben Cobb
|
Batting: SHB Richard Bowman
|
0-0: Ball 1-0: Ground out 4-3 (Groundball, 4D)
|
Batting: LHB Roberto Lozano
|
0-0: Ball 1-0: Ground out U3 (Groundball, 34)
|
Batting: RHB Manuel Rico
|
0-0: Called Strike 0-1: Ball 1-1: Ball 2-1: SINGLE (Flyball, 89S)
|
Batting: RHB Wallace Greene
|
0-0: Foul Ball, location: 2F 0-1: Ground out 5-3 (Groundball, 56S)
|
Top of the 9th over - 0 run(s), 1 hit(s), 0 error(s), 1 left on base; Seattle 9 - Pocatello 3 |
BOTTOM OF THE 9TH |
Pocatello Boccabellas batting - Pitching for Seattle Pikes : RHP Orlando Ojeda
|
Batting: RHB Marlon Phipps
|
0-0: Ball 1-0: Called Strike 1-1: Swinging Strike 1-2: Strikes out swinging
|
Batting: RHB Ernesto Acosta
|
0-0: Swinging Strike 0-1: Swinging Strike 0-2: Ball 1-2: Ball 2-2: Foul Ball, location: 2F 2-2: Strikes out swinging
|
Batting: RHB Francisco Sandoval
|
0-0: Swinging Strike 0-1: Ball 1-1: Ball 2-1: Foul Ball, location: 2F 2-2: Foul Ball, location: 2F 2-2: Foul Ball, location: 2F 2-2: Strikes out swinging
|
Bottom of the 9th over - 0 run(s), 0 hit(s), 0 error(s), 0 left on base; Seattle 9 - Pocatello 3 |
|